 Dungeon Crawl Stone Soup version 0.29.1-15-g9cfb28693d (webtiles) character file.

Game seed: 5542650464353998779

329 Heoruswealwe the Magician (level 6, 0/32 HPs)
             Began as a Deep Elf Earth Elementalist on Apr 18, 2023.
             Was a Believer of Elyvilon.
             Slain by vvl's ghost (13 damage)
             ... on level 4 of the Dungeon.
             The game lasted 00:20:58 (2337 turns).

Heoruswealwe the Magician (DEEE)                    Turns: 2337, Time: 00:21:00

Health: 0/32       AC:  3    Str:  5    XL:     6   Next: 25%
Magic:  11/17      EV: 12    Int: 22    God:    Elyvilon [**....]
Gold:   184        SH:  0    Dex: 15    Spells: 8/18 levels left

rFire   . . .      SeeInvis .   b - +0 war axe
rCold   . . .      Faith    .   (no shield)
rNeg    . . .      Spirit   .   c - +0 robe
rPois   .          Reflect  .   (no helmet)
rElec   .          Harm     .   h - +0 cloak
rCorr   .          Rampage  .   (no gloves)
Will    .....                   (no boots)
Stlth   ++........              (no amulet)
HPRegen 0.10/turn               k - ring of flight
MPRegen 0.15/turn               (no ring)

@: flying
A: no striking features
a: Renounce Religion, Purification, Heal Other


You were on level 4 of the Dungeon.
You worshipped Elyvilon.
Elyvilon was pleased with you.
You visited 2 branches of the dungeon, and saw 5 of its levels.

You collected 184 gold pieces.

Inventory:

Hand Weapons
 b - a +0 war axe (weapon)
Armour
 c - a +0 robe (worn)
 h - a +0 cloak (worn)
 q - a +0 robe
 t - a +0 robe
 w - a +0 robe
Jewellery
 k - a ring of flight (left hand)
Wands
 r - a wand of acid (11)
Scrolls
 a - 3 scrolls of fear {unknown}
 d - 2 scrolls of identify {unknown}
 e - a scroll of enchant armour {unknown}
 f - a scroll of amnesia {unknown}
 l - a scroll of silence {unknown}
 p - 3 scrolls of immolation {unknown}
Potions
 g - a potion of lignification {unknown}
 i - a potion of berserk rage {unknown}
 j - 3 potions of curing {unknown}
 m - a potion of invisibility {unknown}
 n - a potion of brilliance {unknown}
 o - 2 potions of magic
 s - 2 potions of haste {unknown}
 u - 2 potions of mutation {unknown}
 v - a potion of degeneration {unknown}


   Skills:
 - Level 2.4 Dodging
 - Level 2.4 Stealth
 + Level 6.6 Spellcasting
 - Level 1.1 Transmutations
 + Level 6.0 Earth Magic


You had 8 spell levels left.
You knew the following spells:

 Your Spells              Type           Power      Damage    Failure   Level
a - Sandblast             Erth           66%        2d15      1%          1
b - Stone Arrow           Conj/Erth      40%        3d9       8%          3
c - Petrify               Tmut/Erth      22%        N/A       21%         4
z - Passwall              Tmut/Erth      18%        N/A       3%          2

Your spell library contained the following spells:

 Spells                   Type           Power      Damage    Failure   Level
 Blink                    Tloc           14%        N/A       13%         2
 Lesser Beckoning         Tloc           7%         N/A       26%         3
 Manifold Assault         Tloc           7%         N/A       94%         5


Dungeon Overview and Level Annotations

Branches:
Dungeon (4/15)             Temple (1/1) D:4

Altars:
Ashenzari
Cheibriados
Dithmenos
Elyvilon
Fedhas
Gozag
Hepliaklqana
Kikubaaqudgha
Makhleb
Qazlal
Ru
Sif Muna
Trog
Uskayaw
Xom
Yredelemnul
The Shining One

Annotations:
D:4 vvl's ghost, amateur DsFi


Message History

Found 11 gold pieces.
You now have 184 gold pieces (gained 11).
A kobold comes into view. It is wielding a +0 whip.
The kobold shouts!
The kobold throws a stone.
The stone barely misses you.
The blast of sand misses the kobold.
The blast of sand hits the kobold!!
You kill the kobold!
Found 14 gold pieces.
Found a runed translucent door.
Things that are here:
a +0 whip; 2 stones; a kobold corpse You reach down and open the door.
The blast of sand hits vvl's ghost but does no damage.
Vvl's ghost hits you.
The blast of sand hits vvl's ghost but does no damage.
Vvl's ghost hits you but does no damage.
Vvl's ghost hits you.
The blast of sand hits vvl's ghost!
Vvl's ghost is moderately damaged.
Vvl's ghost barely misses you.
The blast of sand hits vvl's ghost.
Vvl's ghost is moderately damaged.
Vvl's ghost hits you. Vvl's ghost hits you!
Casting: Sandblast (safe; 1% risk of failure)
Confirm with . or Enter, or press ? or * to list all spells.
Aiming: Sandblast (safe; 1% risk of failure)
Press: ? - help, Shift-Dir - straight line, f/p - vvl's ghost
Aim: vvl's ghost (moderately damaged, 88% to hit)
The blast of sand hits vvl's ghost.
Vvl's ghost is moderately damaged.
Vvl's ghost closely misses you.
Casting: Sandblast (safe; 1% risk of failure)
Confirm with . or Enter, or press ? or * to list all spells.
Aiming: Sandblast (safe; 1% risk of failure)
Press: ? - help, Shift-Dir - straight line, f/p - vvl's ghost
Aim: vvl's ghost (moderately damaged, 88% to hit)
The blast of sand hits vvl's ghost!
Vvl's ghost is severely damaged.
Vvl's ghost closely misses you. Vvl's ghost hits you!
You die...

### #.. #.. ### #..
#♣8♣# #.. #.$.# #######.
.## ##W#### #.......
.....#.@.#.######.######
#...).#.........# ##
##...##.#.....(.# #.
##.###.#.......# #. ###
#.#..#.#..# #.
#.#....#..###>
#.............
###.#.##.#....
#......#....


You could see vvl's ghost.

Vanquished Creatures
  An ogre (D:4)
  A jelly (D:4)
  An iguana (D:4)
  An orc wizard (D:4)
  Terence (D:2)
  6 adders
  A worm (D:1)
  A dart slug (D:3)
  4 orcs
  5 bats
  12 endoplasms
  3 giant cockroaches
  4 goblins
  6 hobgoblins
  4 jackals (D:3)
  7 kobolds
  A quokka (D:2)
  8 ball pythons
  2 frilled lizards
  4 rats
73 creatures vanquished.

Vanquished Creatures (others)
  4 fungi (D:2)
  8 plants (D:2)
12 creatures vanquished.

Grand Total: 85 creatures vanquished

Notes
Turn   | Place    | Note
-------+----------+-------------------------------------------
     0 | D:1      | Heoruswealwe the Deep Elf Earth Elementalist began the
                  | quest for the Orb.
     0 | D:1      | Reached XP level 1. HP: 10/10 MP: 6/6
   226 | D:1      | Reached XP level 2. HP: 15/15 MP: 2/8
   229 | D:1      | Learned a level 2 spell: Passwall
   624 | D:2      | Reached XP level 3. HP: 19/19 MP: 6/10
   636 | D:2      | Learned a level 3 spell: Stone Arrow
   853 | D:2      | Noticed Terence
   871 | D:2      | Killed Terence
   872 | D:2      | Reached XP level 4. HP: 14/24 MP: 4/12
   881 | D:2      | Learned a level 4 spell: Petrify
   981 | D:2      | Found a faded altar of an unknown god.
  1021 | D:2      | Prayed at the altar of an unknown god.
  1021 | D:2      | Became a worshipper of Elyvilon the Healer
  1021 | D:2      | Reached * piety under Elyvilon
  1495 | D:3      | Reached skill level 5 in Spellcasting
  1534 | D:3      | Reached ** piety under Elyvilon
  1658 | D:3      | Reached skill level 5 in Earth Magic
  1827 | D:4      | Noticed an ogre
  1832 | D:4      | Killed an ogre
  1833 | D:4      | Reached XP level 5. HP: 6/28 MP: 9/15
  2117 | D:4      | Found a staircase to the Ecumenical Temple.
  2151 | Temple   | Entered the Ecumenical Temple
  2191 | D:4      | Reached XP level 6. HP: 32/32 MP: 14/17
  2327 | D:4      | Found a runed translucent door.
  2327 | D:4      | Noticed vvl's ghost (amateur DsFi)
  2337 | D:4      | Slain by vvl's ghost

Illustrated notes

Levels and vault maps discovered:
D:1:      scummos_arrival_gate, layout_loops_ring, nicolae_wormholes
D:2:      layout_basic, dreamdust_ecumenical_altar_hidden_monk_grotto,
          st_stairs_4, uniq_terence
D:3:      layout_loops_ring
D:4:      layout_loops_cross, minmay_temple_entry_mini_moons,
          gammafunk_ghost_grave, goddamned_bats
Temple:   sentei_temple_godly_chess

Skill      XL: |  1  2  3  4  5  6 |
---------------+-------------------+-----
Spellcasting   | 4 5 6 |  6.6
Earth Magic    | 4 5 6 |  6.0
Dodging        | |  2.4
Stealth        | |  2.4
Transmutations | |  1.1

Action                   |  1- 3 |  4- 6 || total
-------------------------+-------+-------++-------
Melee: War axe           |       |    26 ||    26
 Cast: Sandblast         |    46 |    68 ||   114
       Passwall          |       |     1 ||     1
Armor: Robe              |     2 |     8 ||    10
Dodge: Dodged            |    14 |    18 ||    32
